 Dungeon Crawl Stone Soup version 0.27.1 (webtiles) character file.

Game seed: 13533101115372407946

3779 ZARRMARR the Martial Artist (level 10, -3/81 HPs)
             Began as a Gnoll Monk on Aug 25, 2021.
             Was an Elder of Okawaru.
             Slain by a two-headed ogre (10 damage)
             ... on level 8 of the Dungeon.
             The game lasted 00:28:42 (6271 turns).

ZARRMARR the Martial Artist (Gnoll Monk)            Turns: 6271, Time: 00:28:42

Health: -3/81      AC:  6    Str: 14    XL:     10   Next: 16%
Magic:  16/17      EV: 19    Int:  9    God:    Okawaru [****..]
Gold:   204        SH:  0    Dex: 15    Spells: 19/19 levels left

rFire    . . .     SeeInvis +     - Unarmed
rCold    + . .     Faith    .   (no shield)
rNeg     . . .     Spirit   .   s - +2 robe
rPois    .         Reflect  .   h - +2 hat
rElec    .         Harm     .   (no cloak)
rCorr    .         Rampage  .   (no gloves)
Will     .....                  (no boots)
Stlth    ++++++....             d - amulet of regeneration
HPRegen  1.23/turn              c - ring of protection from cold
MPRegen  0.15/turn              j - ring of Wikiz {SInv Stlth+}

@: heroic
A: fangs 1, strong nose, distributed training
a: Renounce Religion, Heroism


You were on level 8 of the Dungeon.
You worshipped Okawaru.
Okawaru was greatly pleased with you.
You visited 2 branches of the dungeon, and saw 9 of its levels.

You collected 204 gold pieces.

Inventory:

Hand Weapons
 l - a +2 short sword of speed
Missiles
 i - 32 poisoned darts
 w - 2 javelins (quivered)
Armour
 h - a +2 hat (worn)
 s - a +2 robe (worn)
Magical Staves
 a - a staff of air
Jewellery
 c - a ring of protection from cold (left hand)
 d - an amulet of regeneration (around neck)
 j - the ring of Wikiz (right hand) {SInv Stlth+}
   (You acquired it on level 3 of the Dungeon)

   [ring of see invisible]

   SInv:      It lets you see invisible.
   Stlth:     It makes you more stealthy.
 A - a ring of protection from cold
Wands
 n - a wand of mindburst (16)
 v - a wand of charming (5)
Scrolls
 m - 2 scrolls of blinking
 x - a scroll of enchant armour {unknown}
 y - a scroll of noise {unknown}
 B - a scroll of enchant weapon {unknown}
Potions
 b - a potion of might {unknown}
 f - 4 potions of curing
 g - a potion of attraction {unknown}
 k - 2 potions of mutation {unknown}
 o - a potion of degeneration {unknown}
 p - a potion of ambrosia {unknown}
 q - a potion of lignification {unknown}
 r - a potion of flight {unknown}
 t - a potion of cancellation {unknown}
 u - a potion of brilliance {unknown}
 z - a potion of haste {unknown}


   Skills:
 + Level 8.3(13.3) Fighting
 + Level 5.0(10.0) Short Blades
 + Level 5.0(10.0) Long Blades
 + Level 5.0(10.0) Axes
 + Level 5.0(10.0) Maces & Flails
 + Level 5.0(10.0) Polearms
 + Level 5.0(10.0) Staves
 + Level 5.0(10.0) Slings
 + Level 5.0(10.0) Bows
 + Level 5.0(10.0) Crossbows
 + Level 5.0(10.0) Throwing
 + Level 5.0(10.0) Armour
 + Level 8.3(13.3) Dodging
 + Level 6.6(11.6) Stealth
 + Level 5.0(10.0) Shields
 + Level 8.3(13.3) Unarmed Combat
 + Level 5.0 Spellcasting
 + Level 4.1 Conjurations
 + Level 4.1 Hexes
 + Level 4.1 Summonings
 + Level 4.1 Necromancy
 + Level 4.1 Translocations
 + Level 4.1 Transmutations
 + Level 4.1 Fire Magic
 + Level 4.1 Ice Magic
 + Level 4.1 Air Magic
 + Level 4.1 Earth Magic
 + Level 4.1 Poison Magic
 + Level 5.5 Invocations
 + Level 5.0 Evocations


You had 19 spell levels left.
You didn't know any spells.
Your spell library contained the following spells:

 Spells                   Type           Power      Damage    Failure   Level
 Sting                    Tmut/Pois      36%        1d4       4%          1
 Poisonous Vapours        Pois/Air       18%        N/A       7%          2
 Call Canine Familiar     Summ           9%         N/A       14%         3
 Ozocubu's Armour         Ice            9%         N/A       14%         3
 Fulminant Prism          Conj/Hex       4%         3d6       41%         4
 Olgreb's Toxic Radiance  Pois           9%         N/A       41%         4
 Summon Ice Beast         Ice/Summ       9%         N/A       41%         4
 Ozocubu's Refrigeration  Ice            4%         4d5       100%        7


Dungeon Overview and Level Annotations

Branches:
Dungeon (8/15)             Temple (1/1) D:5
   Lair: D:8-11

Altars:
Gozag
Okawaru
Qazlal
Trog
Yredelemnul
The Shining One

Shops:
D:8 (


Innate Abilities, Weirdness & Mutations

You have very sharp teeth.
Your uncanny sense of smell can sniff out nearby items.
Your experience applies equally to all skills.


Message History

You hear a shout!
A killer bee zombie comes into view.
A centaur comes into view.
The centaur warrior wields a +0 shortbow.
The centaur warrior shoots an arrow.
The arrow hits you.
The two-headed ogre completely misses you.
The two-headed ogre hits you with a +0 giant club!!
The centaur warrior shoots an arrow.
The arrow hits you!!
The centaur warrior shoots an arrow.
The arrow misses you.
Things that are here:
a +0 whip; a kobold corpse You gain the combat prowess of a mighty hero.
The two-headed ogre misses you.
The two-headed ogre hits you with a +0 giant club!!
* * * LOW HITPOINT WARNING * * *
You feel much better. The two-headed ogre misses you.
The two-headed ogre completely misses you.
You punch the two-headed ogre!
The two-headed ogre is lightly wounded.
You hit the two-headed ogre but do no damage.
You bite the two-headed ogre.
The two-headed ogre is moderately wounded.
The two-headed ogre misses you.
The two-headed ogre hits you with a +0 giant club!!
You barely miss the two-headed ogre.
The two-headed ogre is lightly wounded.
You feel much better. The two-headed ogre closely misses you.
The two-headed ogre hits you with a +0 giant club.
You hit the two-headed ogre.
You bite the two-headed ogre, but do no damage.
The two-headed ogre is moderately wounded.
The two-headed ogre hits you with a +0 giant spiked club!!
The two-headed ogre barely misses you.
You punch the two-headed ogre!
The two-headed ogre is heavily wounded.
You hit the two-headed ogre.
The two-headed ogre is heavily wounded.
The two-headed ogre hits you with a +0 giant spiked club!!
* * * LOW HITPOINT WARNING * * *
The two-headed ogre hits you with a +0 giant club!
You die...

#####∆ # #.# # ..#
##### #.##.##.##$###.#
##### ...........###.#
..###∆ #.##.##c##.###.#
..##### ##Z##∆###.#
.######∆ ∆ #.c.# ###.#
##############.######.#
....#######.##c##.###.#
.###[######...cO@..'..#
.# #.>#.###.##.##.##..#
.# #....######.#####..#
.###(...####∆..(#####.#
.........############.#
.###...<..########.##.#
......###.#####>...##.#
.###..# #.............#
.# #..###.#####.#.#####


You could see a centaur warrior, a two-headed ogre and a centaur.

Vanquished Creatures
  Pikel (D:6)
  An ugly thing (D:7)
  A cyclops (D:8)
  A hornet (D:7)
  Prince Ribbit (D:5)
  Eustachio (D:7)
  Duvessa (D:5)
  A sky beast (D:5)
  A black bear (D:6)
  An ice beast (D:7)
  An orc warrior (D:7)
  2 ogres
  A lemure (D:6)
  2 kobold brigands
  Blork the orc (D:7)
  2 bullfrogs
  A wyvern zombie (D:7)
  A scorpion (D:5)
  Dowan (D:5)
  A vampire bat (D:3)
  2 wights (D:7)
  2 howler monkeys
  A bullfrog zombie (D:7)
  A centaur zombie (D:7)
  A hound (D:4)
  A jelly (D:6)
  2 orc priests
  2 bullfrog skeletons
  5 iguanas
  3 orc wizards
  2 killer bee zombies (D:8)
  2 howler monkey skeletons
  11 adders
  2 white imps
  A worm (D:2)
  3 fire bats (D:3)
  10 orcs
  2 spectral bats (D:3)
  14 bats
  A bat simulacrum (D:3)
  3 bat skeletons (D:3)
  A bat zombie (D:3)
  4 endoplasms
  4 giant cockroaches
  6 goblins
  5 hobgoblins
  2 jackals (D:3)
  7 quokkas
  7 ball pythons
  6 frilled lizards
  8 kobolds
  3 rats
147 creatures vanquished.

Notes
Turn   | Place    | Note
-------+----------+-------------------------------------------
     0 | D:1      | ZARRMARR the Gnoll Monk began the quest for the Orb.
     0 | D:1      | Reached XP level 1. HP: 23/23 MP: 1/1
   329 | D:1      | Reached XP level 2. HP: 29/29 MP: 2/2
   796 | D:2      | Reached XP level 3. HP: 35/35 MP: 3/3
   799 | D:2      | Found a faded altar of an unknown god.
   831 | D:2      | Reached skill level 1 in Invocations
  1061 | D:2      | Got the Tome of the Entrancing Entourage
  1151 | D:2      | Reached skill level 1 in Short Blades
  1151 | D:2      | Reached skill level 1 in Long Blades
  1151 | D:2      | Reached skill level 1 in Axes
  1151 | D:2      | Reached skill level 1 in Maces & Flails
  1151 | D:2      | Reached skill level 1 in Polearms
  1151 | D:2      | Reached skill level 1 in Staves
  1151 | D:2      | Reached skill level 1 in Slings
  1151 | D:2      | Reached skill level 1 in Bows
  1151 | D:2      | Reached skill level 1 in Crossbows
  1151 | D:2      | Reached skill level 1 in Throwing
  1151 | D:2      | Reached skill level 1 in Armour
  1151 | D:2      | Reached skill level 1 in Shields
  1151 | D:2      | Reached skill level 1 in Spellcasting
  1151 | D:2      | Reached skill level 1 in Evocations
  1528 | D:3      | Reached XP level 4. HP: 41/41 MP: 5/5
  1564 | D:3      | Reached skill level 1 in Conjurations
  1564 | D:3      | Reached skill level 1 in Hexes
  1564 | D:3      | Reached skill level 1 in Summonings
  1564 | D:3      | Reached skill level 1 in Necromancy
  1564 | D:3      | Reached skill level 1 in Translocations
  1564 | D:3      | Reached skill level 1 in Transmutations
  1564 | D:3      | Reached skill level 1 in Fire Magic
  1564 | D:3      | Reached skill level 1 in Ice Magic
  1564 | D:3      | Reached skill level 1 in Air Magic
  1564 | D:3      | Reached skill level 1 in Earth Magic
  1564 | D:3      | Reached skill level 1 in Poison Magic
  1722 | D:3      | Reached XP level 5. HP: 47/47 MP: 6/6
  1940 | D:3      | Reached XP level 6. HP: 53/53 MP: 8/8
  2308 | D:3      | Identified a scroll of acquirement
  2308 | D:3      | Acquired the ring of Wikiz {SInv Stlth+}
  2601 | D:4      | Found a bloodstained altar of Trog.
  3025 | D:5      | Entered Level 5 of the Dungeon
  3046 | D:5      | Reached XP level 7. HP: 20/59 MP: 10/10
  3096 | D:5      | Noticed Prince Ribbit
  3122 | D:5      | Killed Prince Ribbit
  3218 | D:5      | Reached skill level 5 in Stealth
  3492 | D:5      | Found a staircase to the Ecumenical Temple.
  3523 | Temple   | Entered the Ecumenical Temple
  3598 | Temple   | Became a worshipper of Warmaster Okawaru
  3598 | Temple   | Reached * piety under Okawaru
  3598 | Temple   | Reached ** piety under Okawaru
  3836 | D:5      | Noticed Dowan
  3841 | D:5      | Noticed Duvessa
  3850 | D:5      | Killed Dowan
  3851 | D:5      | Reached XP level 8. HP: 67/67 MP: 10/12
  3864 | D:5      | Killed Duvessa
  4659 | D:6      | Noticed Pikel
  4710 | D:6      | Killed Pikel
  4710 | D:6      | Reached *** piety under Okawaru
  4711 | D:6      | Reached XP level 9. HP: 49/73 MP: 12/14
  5330 | D:7      | Noticed a green ugly thing
  5359 | D:7      | Killed a green ugly thing
  5503 | D:7      | Noticed Eustachio
  5503 | D:7      | Noticed Blork the orc
  5513 | D:7      | Received a gift from Okawaru
  5543 | D:7      | Killed Blork the orc
  5543 | D:7      | Reached **** piety under Okawaru
  5585 | D:7      | Killed Eustachio
  5586 | D:7      | Reached skill level 5 in Invocations
  5705 | D:7      | Noticed a hornet
  5721 | D:7      | Killed a hornet
  5827 | D:7      | Reached XP level 10. HP: 80/80 MP: 17/17
  6000 | D:8      | Noticed a cyclops
  6017 | D:8      | Killed a cyclops
  6018 | D:8      | Reached skill level 5 in Short Blades
  6018 | D:8      | Reached skill level 5 in Long Blades
  6018 | D:8      | Reached skill level 5 in Axes
  6018 | D:8      | Reached skill level 5 in Maces & Flails
  6018 | D:8      | Reached skill level 5 in Polearms
  6018 | D:8      | Reached skill level 5 in Staves
  6018 | D:8      | Reached skill level 5 in Slings
  6018 | D:8      | Reached skill level 5 in Bows
  6018 | D:8      | Reached skill level 5 in Crossbows
  6018 | D:8      | Reached skill level 5 in Throwing
  6018 | D:8      | Reached skill level 5 in Armour
  6018 | D:8      | Reached skill level 5 in Shields
  6018 | D:8      | Reached skill level 5 in Spellcasting
  6018 | D:8      | Reached skill level 5 in Evocations
  6168 | D:8      | Found Exije's Antique Weapon Shop.
  6251 | D:8      | Noticed a centaur warrior
  6254 | D:8      | Noticed a two-headed ogre
  6271 | D:8      | Slain by a two-headed ogre

Illustrated notes

Levels and vault maps discovered:
D:1:      dpeg_arrival_fog, layout_basic
D:2:      layout_basic, basic_ecumenical_altar, kennysheep_generic_room_4
D:3:      layout_loops_ring, goddamned_bats
D:4:      layout_basic, trog_butcher_becter
D:5:      layout_gridville, minmay_temple_entry_antechambers, solitary_fountain,
          amcnicky_mini_corridor_feature, uniq_prince_ribbit1, uniq_duvessa
D:6:      layout_loops_cross, uniq_pikel
D:7:      layout_rooms, sword_in_stone
D:8:      hangedman_cross_veins, layout_loops_ring, lair_entry_dummy,
          serial_shops, kennysheep_little_box
Temple:   roderic_octagonal_lattice_temple

Skill      XL: |  1  2  3  4  5  6  7  8  9 10 |
---------------+-------------------------------+-----
Invocations    | 1 2 3 4 5 |  5.5
Short Blades   | 1 2 3 4 5 |  5.0
Long Blades    | 1 2 3 4 5 |  5.0
Axes           | 1 2 3 4 5 |  5.0
Maces & Flails | 1 2 3 4 5 |  5.0
Polearms       | 1 2 3 4 5 |  5.0
Staves         | 1 2 3 4 5 |  5.0
Slings         | 1 2 3 4 5 |  5.0
Bows           | 1 2 3 4 5 |  5.0
Crossbows      | 1 2 3 4 5 |  5.0
Throwing       | 1 2 3 4 5 |  5.0
Armour         | 1 2 3 4 5 |  5.0
Shields        | 1 2 3 4 5 |  5.0
Spellcasting   | 1 2 3 4 5 |  5.0
Evocations     | 1 2 3 4 5 |  5.0
Conjurations   | 1 2 3 4 |  4.1
Hexes          | 1 2 3 4 |  4.1
Summonings     | 1 2 3 4 |  4.1
Necromancy     | 1 2 3 4 |  4.1
Translocations | 1 2 3 4 |  4.1
Transmutations | 1 2 3 4 |  4.1
Fire Magic     | 1 2 3 4 |  4.1
Ice Magic      | 1 2 3 4 |  4.1
Air Magic      | 1 2 3 4 |  4.1
Earth Magic    | 1 2 3 4 |  4.1
Poison Magic   | 1 2 3 4 |  4.1
Fighting       | 7 8 |  8.3
Dodging        | 7 8 |  8.3
Unarmed Combat | 7 8 |  8.3
Stealth        | 5 6 |  6.6

Action                   |  1- 3 |  4- 6 |  7- 9 | 10-12 || total
-------------------------+-------+-------+-------+-------++-------
Melee: Unarmed           |    93 |   196 |   302 |    50 ||   641
       Bite              |    10 |    20 |    36 |     3 ||    69
       Punch             |     2 |     3 |     9 |     3 ||    17
Throw: Boomerang         |       |    47 |     2 |       ||    49
       Javelin           |       |       |    17 |       ||    17
       Dart              |       |       |     9 |       ||     9
       Throwing net      |       |       |     2 |       ||     2
Invok: Heroism           |       |       |     7 |     2 ||     9
  Use: Scroll            |     1 |     2 |     3 |       ||     6
       Potion            |       |       |     4 |     2 ||     6
 Stab: Sleeping          |     4 |     8 |     8 |     1 ||    21
       Distracted        |       |     1 |     1 |       ||     2
       Held in net/web   |       |       |     1 |       ||     1
Armor: Robe              |    13 |    75 |    32 |     5 ||   125
Dodge: Dodged            |    57 |   186 |   178 |    35 ||   456
